 Dungeon Crawl Stone Soup version 0.31.0-9-g3a7656b989 (webtiles) character file.

Game seed: 4578155916232201130

94 qw the Shooter (level 4, -11/25 HPs)
             Began as a Deep Elf Hunter on Feb 2, 2024.
             Killed by divine providence
             ... invoked by an orc priest
              (16 damage)
             ... on level 3 of the Dungeon.
             The game lasted 00:00:06 (1517 turns).

qw the Shooter (Deep Elf Hunter)                    Turns: 1517, Time: 00:00:06

Health: -11/25     AC:  6    Str: 10    XL:     4   Next: 38%
Magic:  6/6        EV: 11    Int: 14    God:
Gold:   69         SH:  0    Dex: 18    Spells: 3/3 levels left

rFire   . . .        a - +0 shortbow (freeze)
rCold   . . .        (shield currently unavailable)
rNeg    . . .        g - +0 ring mail
rPois   +            (no helmet)
rElec   .            (no cloak)
rCorr   .            (no gloves)
SInv    .            h - +0 pair of boots
Will    .....        (no amulet) Stlth
                     c - ring of poison resistance
HPRegen 0.24/turn    (no ring)
MPRegen 0.10/turn

%: no passive effects
@: confused
A: no striking features
a: no special abilities


You were on level 3 of the Dungeon.
You visited 1 branch of the dungeon, and saw 3 of its levels.

You collected 105 gold pieces.
You spent 36 gold pieces at shops.


   Skills:
 - Level 1.5 Fighting
 + Level 7.8 Ranged Weapons
 - Level 2.4 Dodging
 - Level 1.2 Stealth


You had 3 spell levels left.
You didn't know any spells.
Your spell library was empty.

Inventory:

Hand Weapons
 a - a +0 shortbow of freezing (weapon)
Armour
 g - a +0 ring mail (worn)
 h - a +0 pair of boots (worn)
Jewellery
 c - a ring of poison resistance (left hand)
 d - a ring of ice
Potions
 e - a potion of ambrosia {unknown}
 f - a potion of attraction {unknown}
 j - a potion of heal wounds {unknown}
 k - a potion of resistance {unknown}

Dungeon Overview and Level Annotations

Branches:
Dungeon (3/15)

Altars:
Qazlal
Trog
Xom

Shops:
D:1 !


Message History

Something hits you but does no damage.
You shoot an arrow. The arrow hits the orc.
The arrow freezes the orc.
The orc is heavily wounded.
The orc barely misses you.
You hear some strange, mumbled words.
A puff of flame appears from out of thin air!
The puff of flame hits you! The orc hits you but does no damage.
Something hits you but does no damage.
You shoot an arrow.
The arrow hits the orc but does no damage.
The orc is heavily wounded.
The orc hits you but does no damage.
You hear some strange, mumbled words.
You are confused.
The orc hits you with a +0 whip.
You hear some strange, mumbled words.
A magic dart appears from out of thin air!
The magic dart hits you. The orc hits you with a +0 whip.
You hear some strange, mumbled words.
You are more confused.
The orc priest casts a cantrip, but nothing happens.
The orc closely misses you. The orc priest closely misses you.
Something hits you but does no damage. The orc hits you with a +0 whip.
Something hits you but does no damage. The orc priest misses you.
The orc barely misses you. The orc priest misses you. Something hits you.
The orc hits you with a +0 whip. Something hits you but does no damage.
The orc priest invokes the aid of Beogh against you.
Pain shoots through your body! The orc hits you with a +0 whip.
The orc priest hits you but does no damage.
Something hits you but does no damage. The orc hits you with a +0 whip.
Something hits you but does no damage. The orc priest completely misses you.
The orc misses you.
The orc priest calls down the wrath of Beogh upon you.
Beogh smites you!
Ouch! That really hurt!
You die...

. ._..##.# .#. ....##.# #....
...###... ... #... ......%.
... # #..#... #.....# #.# #.
#..#... #.....# #.#
#.###..#..# #...#
#.###......#..#
#...###@............# ##
#.....o{o####....##.###.
...o...#.##...####...........
o...##)#%##...##.............
.## #.#)##...##.#.#..##...#.
..#.##...##......##.....
....##................##
#..######.#....##..#..###
...######................


You could see an orc priest and an orc.

Vanquished Creatures
  A gnoll (D:2)
  3 adders
  2 dart slugs (D:2)
  2 orcs (D:3)
  2 ball pythons
  8 bats
  An endoplasm (D:1)
  4 giant cockroaches (D:1)
  4 goblins
  4 hobgoblins
  5 jackals (D:2)
  3 kobolds
  3 quokkas
  A frilled lizard (D:1)
  3 rats (D:1)
46 creatures vanquished.

Notes
Turn   | Place    | Note
-------+----------+-------------------------------------------
     0 | D:1      | qw the Deep Elf Hunter began the quest for the Orb.
     0 | D:1      | Reached XP level 1. HP: 12/12 MP: 3/3
     0 | D:1      | 0 ||| qw: Version: 0.3-a-155-g5e7d8dd
     0 | D:1      | 0 ||| qw: Game counter: 1155
     0 | D:1      | 0 ||| qw: Melee chars always use a shield: true
     0 | D:1      | 0 ||| qw: God list: Okawaru
     0 | D:1      | 0 ||| qw: Allow faded altars: false
     0 | D:1      | 0 ||| qw: Do Orc after clearing Dungeon:15 true
     0 | D:1      | 0 ||| qw: Do second Lair branch before Depths: true
     0 | D:1      | 0 ||| qw: Lair rune preference: random
     0 | D:1      | 0 ||| qw: Goals: Normal
     0 | D:1      | 0 ||| PLANNING D:1-11
    42 | D:1      | Found Tyhaocri's Distillery.
    62 | D:1      | Reached skill level 6 in Ranged Weapons
    62 | D:1      | Reached XP level 2. HP: 16/16 MP: 4/4
   400 | D:1      | 400 ||| SHOPLISTING potion of cancellation (96 gold, have
                  | 37).
   400 | D:1      | 400 ||| BUYING potion of curing (36 gold).
   400 | D:1      | Bought a potion of curing for 36 gold pieces
   400 | D:1      | 400 ||| SHOPLISTING potion of curing (36 gold, have 1).
   400 | D:1      | 400 ||| SHOPLISTING potion of heal wounds (60 gold, have
                  | 1).
   400 | D:1      | 400 ||| SHOPLISTING potion of might (48 gold, have 1).
   683 | D:1      | Found a faded altar of an unknown god.
   827 | D:1      | 827 ||| UPGRADING to +0 ring mail.
   837 | D:1      | 837 ||| DROPPING +0 leather armour.
   838 | D:1      | 838 ||| UPGRADING to +0 pair of boots.
   843 | D:1      | 843 ||| DROPPING scroll of butterflies.
   889 | D:2      | Reached XP level 3. HP: 20/20 MP: 5/5
   948 | D:2      | Reached skill level 7 in Ranged Weapons
  1263 | D:2      | Reached XP level 4. HP: 25/25 MP: 6/6
  1407 | D:2      | 1407 ||| UPGRADING to ring of poison resistance.
  1408 | D:2      | 1408 ||| READING scroll labelled YHOFIK YRGH.
  1408 | D:2      | 1408 ||| BRANDING +0 shortbow.
  1463 | D:3      | Found a stormy altar of Qazlal.
  1463 | D:3      | Found a bloodstained altar of Trog.
  1496 | D:3      | 1496 ||| FLEEEEING.
  1496 | D:3      | Found a shimmering altar of Xom.
  1498 | D:3      | 1498 ||| FLEEEEING.
  1499 | D:3      | 1499 ||| FLEEEEING.
  1500 | D:3      | 1500 ||| FLEEEEING.
  1501 | D:3      | 1501 ||| FLEEEEING.
  1502 | D:3      | 1502 ||| DRINKING potion of curing.
  1502 | D:3      | 1502 ||| (to cure confusion)
  1516 | D:3      | HP: 5/25 [orc/+0 whip (2)]
  1517 | D:3      | Killed from afar by an orc priest

Levels and vault maps discovered:
D:1:      co_arrival_square_in_a_square_in_a_square, layout_loops_ring,
          shapermc_ecumenical_altar_pompeii, serial_shops,
          nicolae_shop_tiny_waterfront, minmay_misc_feat_diagonals,
          kennysheep_boxes
D:2:      layout_basic, cheibrodos_gnoll_hut
D:3:      layout_basic, xom_butterflies,
          chequers_temple_overflow_statue_of_worship

Skill      XL: |  1  2  3 |
---------------+----------+-----
Ranged Weapons | 6 7 |  7.8
Fighting       | |  1.5
Dodging        | |  2.4
Stealth        | |  1.2

Action                     |  1- 3 |  4- 6 || total
---------------------------+-------+-------++-------
   Fire: Shortbow          |   105 |    25 ||   130
    Use: Scroll            |       |     1 ||     1
         Potion            |       |     1 ||     1
 Armour: Leather armour    |    10 |       ||    10
         Ring mail         |    10 |    28 ||    38
  Dodge: Dodged            |    25 |     9 ||    34

Table legend:
 A = Non-vault XP
 B = Vault XP
 C = Vault XP percentage of total XP
 D = Non-vault monster count
 E = Vault monster count
 F = Vault count percentage of total count
                 A         B        C        D         E       F
            +---------+---------+-------+---------+---------+-------
      Total |     117 |      18 |  13.3 |      43 |       3 |   6.5
            +---------+---------+-------+---------+---------+-------
        D:1 |      39 |       0 |   0.0 |      23 |       0 |   0.0
        D:2 |      53 |      18 |  25.4 |      14 |       3 |  17.6
        D:3 |      25 |       0 |   0.0 |       6 |       0 |   0.0
            +---------+---------+-------+---------+---------+-------
